 Dungeon Crawl Stone Soup version 0.24.0-13-gcf9b319 (webtiles) character file.

Game seed: 7922008585718835673, levelgen mode: deterministic

638 staypositive the Fighter (level 7, -1/55 HPs)
             Began as a Demonspawn Abyssal Knight on Mar 16, 2020.
             Was a Priest of Lugonu.
             Succumbed to Dowan's poison
             ... on level 5 of the Dungeon.
             The game lasted 00:13:15 (4081 turns).

staypositive the Fighter (DsAK)                     Turns: 4081, Time: 00:13:16

Health: -1/55      AC:  7    Str: 11 (14) XL:     7   Next: 25%
Magic:  1/10       EV: 15    Int: 11 (14) God:    Lugonu [***...]
Gold:   170        SH:  0    Dex: 16 (17) Spells: 6/6 levels left

rFire    . . .     SeeInvis .   e - +2 dagger (drain)
rCold    . . .     Gourm    .   (no shield)
rNeg     . . .     Faith    .   o - +0 ring mail
rPois    .         Spirit   .   (helmet restricted)
rElec    .         Reflect  .   m - +0 cloak
rCorr    .         Harm     .   r - +0 pair of gloves
MR       +....                  (no boots)
Stlth    ++........             (no amulet)
HPRegen  0.18/turn              t - ring of wizardry
MPRegen  0.12/turn              (no ring)

@: agile, lethally poisoned (-1 -> -62)
A: horns 2, frail 1, magic resistance 1, powered by pain 1, screaming 1
a: Depart the Abyss, Bend Space, Banish, Renounce Religion


You were on level 5 of the Dungeon.
You worshipped Lugonu.
Lugonu was most pleased with you.
You were not hungry.

You visited 1 branch of the dungeon, and saw 6 of its levels.
You visited the Abyss 1 time.

You collected 170 gold pieces.

Inventory:

Hand Weapons
 a - a +1 falchion
 e - a +2 dagger of draining (weapon)
 k - a +2 whip of freezing
 p - a +0 club
Armour
 b - a +0 leather armour
 m - a +0 cloak (worn)
 o - a +0 ring mail (worn)
 r - a +0 pair of gloves (worn)
Jewellery
 t - a ring of wizardry (left hand)
Scrolls
 d - a scroll of immolation
 l - a scroll of enchant weapon
 n - a scroll of amnesia
 q - a scroll of remove curse
Potions
 f - a potion of agility
 g - a potion of might
 h - a potion of flight
 i - a potion of degeneration
 j - a potion of magic
 s - a potion of mutation
Comestibles
 c - 6 rations


   Skills:
 * Level 8.0 Fighting
 - Level 1.7 Long Blades
 - Level 1.7 Armour
 - Level 0.8 Dodging
 * Level 4.4 Invocations


You had 6 spell levels left.
You didn't know any spells.
Your spell library was empty.

Dungeon Overview and Level Annotations

Branches:
Dungeon (6/15)
 Temple: D:4-7

Altars:
Gozag
Makhleb
Vehumet
Wu Jian

Annotations:
D:5 Dowan


Innate Abilities, Weirdness & Mutations

You have a pair of horns on your head.
You sometimes gain a little power by taking damage.
You are frail. (-10% HP)
You are resistant to hostile enchantments. (MR+)
You occasionally shout uncontrollably at your foes.


Message History

* * * LOW HITPOINT WARNING * * *
You feel very sick. Dowan hits you but does no damage.
You are more poisoned.
The quokka misses you. Dowan hits you but does no damage.
You are more poisoned.
Press: ? - help, v - describe, . - travel
Here: Dowan, wielding a +1 dagger of venom and wearing a +0 robe (heavily wounded, fast, unusually resistant)
The floor.
Unknown command.
Press: ? - help, Shift-Dir - straight line, f/p - Dowan
Aim: Dowan, wielding a +1 dagger of venom and wearing a +0 robe (heavily wounded, fast, unusually resistant, chance to defeat MR: 83%) Dowan barely resists.
You feel somewhat more hungry.
* * * LOW HITPOINT WARNING * * *
You feel very sick. Dowan barely misses you.
The quokka bites you but does no damage.
You don't have enough magic at the moment.
Space bends around you!
You blink.
You die...

#..... ######....#
.....%....#
........er#
........ยง.###
.......[)...#
........?.#.#
.........$#.###.###
.$.....@###>.......
.....#...#.####....
.#.###...### ## ##
##+#. .# _# ##


You could see Dowan and a quokka.

Vanquished Creatures
  Sigmund (D:2)
  Duvessa (D:5)
  A phantom (D:4)
  Natasha (thrice) (D:2)
  4 gnolls
  6 adders
  A shadow imp (D:5)
  An ooze (D:2)
  An adder skeleton (D:6)
  3 worms
  4 dart slugs
  3 leopard geckos
  2 orcs
  4 giant cockroaches
  10 goblins
  9 hobgoblins
  7 jackals
  A quokka (D:6)
  2 ball pythons (D:1)
  5 bats
  6 frilled lizards
  9 kobolds
  12 rats
96 creatures vanquished.

Notes
Turn   | Place    | Note
-------+----------+-------------------------------------------
     0 | Abyss:1  | staypositive the Demonspawn Abyssal Knight began the quest
                  | for the Orb.
     0 | Abyss:1  | Reached XP level 1. HP: 18/18 MP: 2/2
    52 | Abyss:1  | Noticed a wretched star
    53 | D:1      | Escaped the Abyss
   120 | D:1      | Gained mutation: You have a pair of small horns on your
                  | head. [demonic ancestry]
   120 | D:1      | Reached XP level 2. HP: 21/24 MP: 3/3
   385 | D:1      | Reached * piety under Lugonu
   386 | D:1      | Reached skill level 4 in Fighting
   554 | D:1      | Reached XP level 3. HP: 30/30 MP: 4/4
  1205 | D:2      | Noticed Natasha
  1217 | D:2      | Killed Natasha
  1217 | D:2      | Gained mutation: You have a pair of horns on your head.
                  | [demonic ancestry]
  1217 | D:2      | Reached XP level 4. HP: 29/38 MP: 5/5
  1254 | D:2      | Noticed Natasha
  1263 | D:2      | Killed Natasha
  1263 | D:2      | Reached skill level 5 in Fighting
  1275 | D:2      | Noticed Natasha
  1680 | D:2      | Killed Natasha
  1680 | D:2      | Reached XP level 5. HP: 24/46 MP: 6/6
  1840 | D:2      | Reached ** piety under Lugonu
  2002 | D:2      | Reached skill level 6 in Fighting
  2092 | D:2      | Noticed Sigmund
  2298 | D:3      | Found a radiant altar of Vehumet.
  2298 | D:3      | Found an ornate altar of the Wu Jian Council.
  2338 | D:3      | Found an opulent altar of Gozag.
  2925 | D:2      | Killed Sigmund
  2925 | D:2      | Reached *** piety under Lugonu
  2925 | D:2      | Reached skill level 7 in Fighting
  2925 | D:2      | Gained mutation: You sometimes gain a little power by
                  | taking damage. [demonic ancestry]
  2925 | D:2      | Reached XP level 6. HP: 25/55 MP: 7/7
  3763 | D:4      | Reached XP level 7. HP: 24/61 MP: 9/9
  3986 | D:4      | You fall into a shaft and drop 2 floors!
  3986 | D:6      | Found a burning altar of Makhleb.
  3989 | D:5      | Entered Level 5 of the Dungeon
  4007 | D:5      | Noticed Duvessa
  4055 | D:5      | Noticed Dowan
  4064 | D:5      | Killed Duvessa
  4064 | D:5      | Reached skill level 8 in Fighting
  4078 | D:5      | Gained mutation: You are frail. (-10% HP) [potion of
                  | mutation]
  4078 | D:5      | Gained mutation: You occasionally shout uncontrollably at
                  | your foes. [potion of mutation]
  4078 | D:5      | Gained mutation: You are resistant to hostile enchantments.
                  | (MR+) [potion of mutation]
  4081 | D:5      | Found a burning altar of Makhleb.
  4081 | D:5      | Succumbed to Dowan's poison

Levels and vault maps discovered:
D:1:      dpeg_arrival_ratfight, layout_loops_ring
D:2:      layout_loops_ring, uniq_sigmund, uniq_natasha
D:3:      layout_basic, chequers_temple_overflow_statue_of_worship,
          minmay_bisected
D:4:      layout_cave_pools, yredelemnul_altar_generic, first_ration, uniq_robin
D:5:      layout_rooms, grunt_temple_overflow_order_and_chaos_2,
          nicolae_ossuary_entry_ruins, uniq_duvessa, uniq_edmund
D:6:      layout_basic, overflow_temple_1_default, basic_altar

Skill      XL: |  1  2  3  4  5  6  7 |
---------------+----------------------+-----
Fighting       | 4 5 7 8 |  8.0
Invocations    | 3 4 |  4.4
Long Blades    | |  1.7
Armour         | |  1.7
Dodging        | |  0.8

Action                   |  1- 3 |  4- 6 |  7- 9 || total
-------------------------+-------+-------+-------++-------
Melee: Falchion          |    12 |       |       ||    12
       Dagger            |    32 |   191 |    40 ||   263
       Headbutt          |    11 |    24 |     8 ||    43
       Whip              |    40 |    15 |       ||    55
Invok: Depart the Abyss  |     1 |       |       ||     1
       Banish            |       |       |     2 ||     2
       Bend Space        |       |       |     1 ||     1
  Use: Scroll            |       |    11 |       ||    11
       Potion            |       |       |     3 ||     3
 Stab: Sleeping          |     1 |       |       ||     1
  Eat: Chunk             |       |     8 |       ||     8
       Ration            |       |       |     1 ||     1
Armor: Leather armour    |    14 |       |       ||    14
       Ring mail         |     3 |    71 |    24 ||    98
Dodge: Dodged            |    40 |    97 |    33 ||   170
       Rpst.: Falchion   |     2 |       |       ||     2
